 Dungeon Crawl Stone Soup version 0.31-a0-1096-g246cf0196b (webtiles) character file.

Game seed: 13016004396764632916

7266 Dirtsage the Mimic (level 11, -6/75 (77) HPs)
             Began as an Octopode Shapeshifter on Nov 29, 2023.
             Was an Initiate of Gozag.
             Mangled by a two-headed ogre
             ... wielding a +0 giant club
              (19 damage)
             ... on level 9 of the Dungeon.
             The game lasted 00:15:24 (9730 turns).

Dirtsage the Mimic (Octopode Shapeshifter)          Turns: 9730, Time: 00:15:24

HP:   -6/75 (77)    AC:  1    Str: 13    XL:     11   Next: 12%
MP:   11/11         EV: 13    Int: 13    God:    Gozag
Gold: 939           SH:  0    Dex: 16    Spells: 10/10 levels left

rFire   + .          .
                       - Unarmed
rCold   x . .        (shield currently unavailable)
rNeg    . . .        (helmet restricted)
rPois   .            (no amulet)
rElec   .            m - ring of willpower
rCorr   .            s - ring of willpower
SInv    .            h - ring of fire
Will    ++...        x - ring of flight
Stlth   ++           (no ring)
HPRegen 0.32/turn    (no ring)
MPRegen 0.12/turn    (no ring)
                     (no ring)

%: no passive effects
@: flux-form, gold aura, flying, glowing, lightly drained
A: glow, contaminating, almost no armour, amphibious, 8 rings, camouflage 1,
gelatinous body 1, (nimble swimmer 1), tentacles
a: Begin Untransformation, Renounce Religion, Potion Petition, Call Merchant,
Bribe Branch


You were on level 9 of the Dungeon.
You worshipped Gozag.
Gozag was pleased with you.
You were something dangerously unstable.
You visited 2 branches of the dungeon, and saw 10 of its levels.

You collected 1277 gold pieces.
You spent 230 gold pieces at shops.
You paid 108 gold pieces to Gozag.

Inventory:

Missiles
 d - a throwing net
Jewellery
 h - a ring of fire (on tentacle)
 m - a ring of willpower (left tentacle)
 s - a ring of willpower (right tentacle)
 x - a ring of flight (on tentacle)
 A - a +4 ring of protection
 F - a ring of ice
Talismans
 b - a beast talisman
 c - a flux talisman (active)
Wands
 a - a wand of flame (32)
 k - a wand of mindburst (4)
 o - a wand of acid (12)
 z - a wand of roots (24)
Scrolls
 e - 4 scrolls of silence
 i - a scroll of poison {unknown}
 n - 2 scrolls of fog
 q - 3 scrolls of enchant armour
 t - 7 scrolls of teleportation
 w - 2 scrolls of brand weapon
 y - 2 scrolls of enchant weapon
 C - a scroll of butterflies
 D - 2 scrolls of amnesia
 I - a scroll of blinking {unknown}
 J - a scroll of vulnerability {unknown}
Potions
 f - 6 potions of curing {unknown}
 g - a potion of heal wounds {unknown}
 j - a potion of ambrosia {unknown}
 l - 2 potions of brilliance {unknown}
 p - a potion of haste {unknown}
 r - 5 potions of cancellation {unknown}
 u - 2 potions of invisibility {unknown}
 v - 2 potions of might {unknown}
 B - a potion of attraction {unknown}
 E - 3 potions of mutation {unknown}
 G - 3 potions of degeneration {unknown}
 H - a potion of enlightenment {unknown}
 K - a potion of resistance {unknown}


   Skills:
 + Level 7.9 Fighting
 - Level 2.0 Dodging
 + Level 8.3 Stealth
 + Level 8.5 Unarmed Combat
 * Level 10.7 Shapeshifting


You had 10 spell levels left.
You didn't know any spells.
Your spell library contained the following spells:

 Spells                   Type           Power      Damage    Failure   Level
 Brom's Barrelling Bould  Conj/Erth      0%         2d3       97%         4
 Fireball                 Conj/Fire      0%         3d3       100%        5
 Iskenderun's Battlesphe  Conj           0%         2d6       100%        5
 Conjure Ball Lightning   Conj/Air       0%         3x3d6     100%        6
 Orb of Destruction       Conj           0%         9d5       100%        7


Dungeon Overview and Level Annotations

Branches:
Dungeon (9/15)             Temple (1/1) D:6            Lair (0/5) D:8
    Orc: D:9-12

Altars:
Ashenzari
Cheibriados
Dithmenos
Elyvilon
Fedhas
Gozag
Hepliaklqana
Kikubaaqudgha
Makhleb
Nemelex Xobeh
Okawaru
Qazlal
Ru
Sif Muna
Trog
Uskayaw
Vehumet
Wu Jian
Xom
Yredelemnul
Zin
The Shining One

Shops:
D:1 *   D:7 *


Innate Abilities, Weirdness & Mutations

You are something dangerously unstable.
You glow with magical radiation, making you easy to see and hit.
Foes you strike become dangerously contaminated with magical radiation.
You are incapable of wielding weapons or throwing items.
You cannot wear most types of armour.
You are amphibious.
You can wear up to eight rings at the same time.
Your skin changes colour to match your surroundings (Stealth+).
Your rubbery body absorbs attacks. (AC +1, EV +1)
((You are camouflaged when in or above water. (Stealth+)))
You have tentacles for arms and can constrict up to eight enemies at once.


Message History

The two-headed ogre is moderately wounded.
The bolt of acid hits the orc!
You kill the orc!
The bolt of acid hits the kobold!
You kill the kobold!
The two-headed ogre is distracted by your dazzling golden aura.
The two-headed ogre shouts in stereo!
You bludgeon the two-headed ogre!
The two-headed ogre begins to glow.
The two-headed ogre is no longer distracted by gold.
The two-headed ogre is moderately wounded.
The two-headed ogre hits you with a +0 giant club!
* * * LOW HITPOINT WARNING * * *
The two-headed ogre hits you with a +0 giant club!
* * * LOW HITPOINT WARNING * * *
You take 20 damage, and have 12/75 hp.
MASSIVE DAMAGE!!
You tentacle-slap the two-headed ogre.
The two-headed ogre glows dangerously bright.
You squeeze the two-headed ogre.
The two-headed ogre is heavily wounded.
The kobold is distracted by your dazzling golden aura.
The kobold shouts!
You tentacle-slap the two-headed ogre.
The two-headed ogre shudders as magic cascades through it.
The two-headed ogre twists and deforms.
Your squeeze misses the two-headed ogre.
The two-headed ogre is severely wounded.
The kobold is no longer distracted by gold.
The kobold is distracted by your dazzling golden aura.
The two-headed ogre misses you. The two-headed ogre closely misses you.
The kobold shouts!
You bludgeon the two-headed ogre!
The two-headed ogre begins to glow.
The two-headed ogre is almost dead.
The kobold is no longer distracted by gold.
You tentacle-slap the two-headed ogre but do no damage.
The two-headed ogre glows dangerously bright.
You squeeze the two-headed ogre.
The two-headed ogre is almost dead.
The two-headed ogre hits you with a +0 giant club!!
You die...
Your body crumbles into a pile of gold.

# ####.### ###
#<.....# ..#
#......#
..####......#
..#.........###
....##........# .
..####...<..#.# ...
..#
#......#.######.....
###
#......#...pOKK$....
#
#......########.!...
# ####.### ##. #..#
######'#####
#..........#
#..........#
#####......P...#
...##......P...#


You could see a two-headed ogre (heavy contam, misshapen, corroded) and 2
kobolds.

Vanquished Creatures
  Maggie (D:6)
  3 kobold demonologists (D:9)
  2 unseen horror zombies (D:9)
  A troll (D:9)
  A shadow (D:6)
  14 yaks
  2 steam dragons
  A water moccasin (D:7)
  3 ice beasts
  A black bear (D:6)
  A sky beast (D:7)
  An ogre (D:4)
  2 centaurs (D:8)
  Blork the orc (D:5)
  2 kobold brigands (D:9)
  3 bullfrogs
  2 scorpions
  5 wights (D:9)
  6 killer bees (D:7)
  7 howler monkeys
  2 centaur zombies (D:9)
  4 jellies
  4 orc priests
  A gnoll bouda (D:7)
  A hound (D:6)
  5 iguanas
  A sleepcap (D:8)
  6 orc wizards
  A killer bee zombie (D:9)
  A howler monkey zombie (D:9)
  7 gnolls
  6 adders
  A shadow imp (D:5)
  4 white imps
  2 ufetubi (D:5)
  2 worms
  2 dart slugs
  29 orcs
  6 bats
  6 endoplasms
  3 giant cockroaches
  12 goblins
  3 hobgoblins
  5 jackals
  13 kobolds
  A quokka (D:1)
  12 ball pythons
  2 frilled lizards
  4 rats
205 creatures vanquished.

Vanquished Creatures (others)
  An adder (D:6)
1 creature vanquished.

Grand Total: 206 creatures vanquished

Notes
Turn   | Place    | Note
-------+----------+-------------------------------------------
     0 | D:1      | Dirtsage the Octopode Shapeshifter began the quest for the
                  | Orb.
     0 | D:1      | Reached XP level 1. HP: 13/13 MP: 1/1
    12 | D:1      | Found Otoxka's General Store.
    61 | D:1      | Reached XP level 2. HP: 17/18 MP: 2/2
   221 | D:1      | Reached XP level 3. HP: 9/23 MP: 3/3
   832 | D:2      | Found a faded altar of an unknown god.
  1655 | D:3      | Reached XP level 4. HP: 29/29 MP: 4/4
  1801 | D:3      | Found a snail-covered altar of Cheibriados.
  2124 | D:3      | Reached skill level 4 in Shapeshifting
  2348 | D:4      | Noticed a steam dragon
  2364 | D:4      | Killed a steam dragon
  2365 | D:4      | Reached XP level 5. HP: 35/35 MP: 5/5
  2484 | D:4      | Found a hazy altar of Hepliaklqana.
  2500 | D:4      | Reached skill level 5 in Shapeshifting
  2500 | D:4      | Reached XP level 6. HP: 42/42 MP: 6/6
  2817 | D:4      | Found a white marble altar of Elyvilon.
  3311 | D:5      | Entered Level 5 of the Dungeon
  3339 | D:5      | Reached XP level 7. HP: 39/46 MP: 7/7
  3368 | D:5      | Noticed a yak
  3688 | D:5      | Noticed a yak
  3750 | D:5      | Reached skill level 6 in Shapeshifting
  3843 | D:5      | Reached skill level 5 in Unarmed Combat
  4039 | D:5      | Reached XP level 8. HP: 19/54 MP: 8/8
  4515 | D:5      | Noticed a yak
  4529 | D:5      | Killed a yak
  4537 | D:5      | Killed a yak
  4538 | D:5      | Reached skill level 7 in Shapeshifting
  4543 | D:5      | Killed a yak
  4544 | D:5      | Reached skill level 5 in Fighting
  4661 | D:5      | Noticed Blork the orc
  4669 | D:5      | Killed Blork the orc
  5055 | D:6      | Reached skill level 1 in Stealth
  5070 | D:6      | Found a staircase to the Ecumenical Temple.
  5080 | Temple   | Entered the Ecumenical Temple
  5103 | Temple   | Became a worshipper of Gozag Ym Sagoz the Greedy
  5345 | D:6      | Found a blossoming altar of Fedhas.
  5348 | D:6      | Noticed Maggie
  5368 | D:6      | Killed Maggie
  5369 | D:6      | Reached skill level 8 in Shapeshifting
  5369 | D:6      | Reached XP level 9. HP: 44/61 MP: 9/9
  6397 | D:7      | Found Rigisetuuf's Assorted Antiques.
  6401 | D:7      | Bought a brown potion for 30 gold pieces
  6401 | D:7      | Bought a pearl ring for 170 gold pieces
  6401 | D:7      | Bought a fizzy brown potion for 30 gold pieces
  7068 | D:7      | Reached skill level 5 in Stealth
  7269 | D:7      | Reached skill level 9 in Shapeshifting
  7794 | D:8      | Reached XP level 10. HP: 27/69 MP: 10/10
  7957 | D:8      | Found a staircase to the Lair.
  9259 | D:9      | Noticed a kobold demonologist
  9259 | D:9      | Noticed a kobold demonologist
  9262 | D:9      | Noticed a kobold demonologist
  9264 | D:9      | Killed a kobold demonologist
  9264 | D:9      | Killed a kobold demonologist
  9265 | D:9      | Reached skill level 10 in Shapeshifting
  9266 | D:9      | Killed a kobold demonologist
  9282 | D:9      | Reached XP level 11. HP: 54/76 MP: 11/11
  9714 | D:9      | Noticed a two-headed ogre
  9730 | D:9      | Mangled by a two-headed ogre

Illustrated notes

Levels and vault maps discovered:
D:1:      ebering_trefoil_3fold, layout_basic, serial_shops, shop
D:2:      layout_basic, hellmonk_ecumenical_altar_heavens_door, minmay_bisected
D:3:      layout_loops_ring, cheibrodos_worm_habitat,
          minmay_misc_feat_more_columns
D:4:      layout_basic, mainiacjoe_overflow_brackets, kennysheep_small_circle
D:5:      layout_loops_corners, uniq_blork_the_orc
D:6:      layout_basic, nicolae_overflow_crystal_walls,
          minmay_temple_entry_arrows, cheibrodos_sewer_entry_bend,
          amcnicky_mini_pool_medium, uniq_maggie
D:7:      layout_loops_ring, serial_shops, nicolae_shop_back_alley_shop
D:8:      layout_basic, dpeg_oklobed_lair
D:9:      layout_roguey, orc_0_dummy, serial_undead, serial_undead_e,
          serial_undead_f, serial_undead_b, serial_undead_a, serial_undead_b,
          serial_undead_f, serial_undead_e, serial_undead_d
Temple:   nicolae_temple_bog_church

Skill      XL: |  1  2  3  4  5  6  7  8  9 10 11 |
---------------+----------------------------------+-----
Fighting       | 2 3 4 5 6 7 |  7.9
Shapeshifting  | 4 5 6 8 9 10 | 10.7
Unarmed Combat | 4 5 6 7 8 |  8.5
Stealth        | 2 5 7 8 |  8.3
Dodging        | |  2.0

Action                     |  1- 3 |  4- 6 |  7- 9 | 10-12 || total
---------------------------+-------+-------+-------+-------++-------
  Melee: Unarmed           |    67 |    58 |   276 |   107 ||   508
         Tentacles         |    13 |    13 |    67 |    38 ||   131
         Constrict         |    15 |    13 |    60 |    15 ||   103
         Punch             |     3 |     2 |     6 |       ||    11
  Evoke: Wand              |       |     2 |     2 |     5 ||     9
    Use: Potion            |       |       |     1 |       ||     1
         Scroll            |       |       |     9 |     1 ||    10
   Stab: Sleeping          |     8 |     6 |       |     2 ||    16
         Distracted        |       |       |     2 |       ||     2
 Armour: Skin              |    38 |    10 |   137 |    69 ||   254
  Dodge: Dodged            |    42 |    35 |   111 |    64 ||   252
   Form: Flux              |       |       |     1 |       ||     1

Table legend: (Time is in decaauts)
 A = Elapsed time spent in this place.
 B = Non-inter-level travel time spent in this place.
 C = Inter-level travel time spent in this place.
 D = Time resting spent in this place.
 E = Time spent auto-exploring this place.
 F = Levels seen in this place.
 G = Mean time per level.
                   A        B        C        D        E       F      G
               +--------+--------+--------+--------+--------+-----+--------+
         Total |   9660 |   9422 |    238 |    171 |   7823 |  10 |  966.0 |
       Dungeon |   9616 |   9417 |    199 |    171 |   7823 |   9 | 1068.4 |
        Temple |     44 |      5 |     39 |      0 |      0 |   1 |   44.0 |
               +--------+--------+--------+--------+--------+-----+--------+

Top non-repeatable levels by time:
     D:5: 1723 daAuts
     D:7: 1485 daAuts
     D:8: 1205 daAuts
     D:6: 1169 daAuts
     D:4: 1046 daAuts
     D:2: 1018 daAuts
     D:9: 732 daAuts
     D:3: 638 daAuts
     D:1: 596 daAuts
  Temple: 44 daAuts
